 Dungeon Crawl Stone Soup version 0.29-a0-251-g80730f7218 (webtiles) character file.

Game seed: 12026144101755338113

4 n8rtot the Ducker (level 1, -4/10 HPs)
             Began as a Felid Berserker on Mar 5, 2022.
             Was a Follower of Trog.
             Frozen to death by an endoplasm (5 damage)
             ... on level 1 of the Dungeon.
             The game lasted 00:00:25 (215 turns).

n8rtot the Ducker (Felid Berserker)                  Turns: 215, Time: 00:00:26

Health: -4/10      AC:  1    Str: 13    XL:     1   Next: 50%
Magic:  2/2        EV: 18    Int:  8    God:    Trog [*.....]
Gold:   23         SH:  0    Dex: 15    Spells: 0/0 levels left
                                        Lives:  0   Deaths: 0

rFire   . . .      SeeInvis +     - Unarmed
rCold   . . .      Faith    .   (shield unavailable)
rNeg    . . .      Spirit   .   (body armour unavailable)
rPois   .          Reflect  .   (helmet unavailable)
rElec   .          Harm     .   (cloak unavailable)
rCorr   .          Rampage  .   (gloves unavailable)
Will    .....                   (boots unavailable)
Stlth   +.........              (no amulet)
HPRegen 0.03/turn               (no ring)
MPRegen 0.08/turn               (no ring)

@: quick
A: very small, claws 1, fangs 3, see invisible, speed 1, shaggy fur 1, stealthy
paws, no weapons or thrown items, no armour, multi-lived
a: Renounce Religion, Berserk


You were on level 1 of the Dungeon.
You worshipped Trog.
Trog was aware of your devotion.
You visited 1 branch of the dungeon, and saw 1 of its levels.

You collected 23 gold pieces.

Inventory:

Scrolls
 a - a scroll of blinking {unknown}
 b - a scroll of teleportation {unknown}
Potions
 c - a potion of brilliance {unknown}


   Skills:
 + Level 3.1 Fighting
 + Level 4.0 Dodging
 + Level 3.1 Unarmed Combat


You couldn't memorise any spells.
You didn't know any spells.
Your spell library was empty.

Dungeon Overview and Level Annotations

Branches:
Dungeon (1/15)

Altars:


Innate Abilities, Weirdness & Mutations

You have sharp claws.
You have razor-sharp teeth.
You have supernaturally acute eyesight. (SInv)
You cover ground quickly. (Speed+)
You are covered in fur. (AC +1)
Your paws help you pounce on unaware monsters.
You are incapable of wielding weapons or throwing items.
You cannot wear armour.
You gain extra lives every three experience levels.


Message History

You barely miss the rat. The rat completely misses you.
You scratch the rat.
The rat is heavily wounded.
The rat barely misses you.
You scratch the rat.
You kill the rat!
Trog accepts your kill.
You see here a rat corpse.
HP restored.
You see here a rat corpse.
You open the door.
There is an open door here.
You open the door.
There is an open door here.
Found a ring mail.
c - a metallic purple potion A quokka comes into view.
A rat comes into view.
Found a stone staircase leading down.
Found 18 gold pieces.
The quokka bites you.
You claw the quokka!
You kill the quokka!
Trog accepts your kill.
You see here a quokka corpse.
An endoplasm comes into view.
You scratch the rat.
You kill the rat!
Trog accepts your kill.
You see here a rat corpse.
The endoplasm freezes you.
You are frozen.
Ouch! That really hurt!
* * * LOW HITPOINT WARNING * * *
You scratch the endoplasm.
The endoplasm is severely wounded.
The endoplasm freezes you.
You are frozen.
Ouch! That really hurt!
You die...

..............#
#...........#.#
.............#
####....#......#
........#......#
#########............#
..........#..........#
[...........†..†.....#
..........##....@J>..#
..≈≈.≈....##.........#
.≈≈.......##.........#
≈..≈....######.#........
........# #.#...$.###
.##.....# #.###...#
####....# #.# ...#
...+....# #. ...#
.###....#


You could see an endoplasm.

Vanquished Creatures
  A quokka (D:1)
  A kobold (D:1)
  3 rats (D:1)
5 creatures vanquished.

Notes
Turn   | Place    | Note
-------+----------+-------------------------------------------
     0 | D:1      | n8rtot the Felid Berserker began the quest for the Orb.
     0 | D:1      | Reached XP level 1. HP: 10/10 MP: 2/2
   215 | D:1      | Frozen to death by an endoplasm

Illustrated notes

Levels and vault maps discovered:
D:1:      minmay_arrival_hallway, layout_basic,
          shapermc_ecumenical_altar_pompeii, chequers_serial_rivers_micro_c,
          roderic_lattice_a, patterned_corridor

Action                   || total
-------------------------++-------
Melee: Unarmed           ||    15
Dodge: Dodged            ||    10

Table legend: (Time is in decaauts)
 A = Elapsed time spent in this place.
 B = Non-inter-level travel time spent in this place.
 C = Inter-level travel time spent in this place.
 D = Time resting spent in this place.
 E = Time spent auto-exploring this place.
 F = Levels seen in this place.
 G = Mean time per level.
                   A        B        C        D        E       F      G
               +--------+--------+--------+--------+--------+-----+--------+
         Total |    191 |    191 |      0 |      0 |    146 |   1 |  191.0 |
       Dungeon |    191 |    191 |      0 |      0 |    146 |   1 |  191.0 |
               +--------+--------+--------+--------+--------+-----+--------+

Top non-repeatable levels by time:
     D:1: 191 daAuts
